 Dungeon Sprint DCSS version 0.28-a0-706-gf6f64a616a (webtiles) character file.

Game seed: 6138083909502206443

35 tatocazan the Skirmisher (level 3, -3/31 HPs)
             Began as a Demonspawn Fighter on Oct 24, 2021.
             Was an Initiate of Okawaru.
             Killed by nerve-wracking pain
             ... invoked by Menkaure
              (12 damage)
             ... in the Dungeon (Sprint VII: "The Pits").
             The game lasted 00:01:19 (495 turns).

tatocazan the Skirmisher (Demonspawn Fighter)        Turns: 495, Time: 00:01:19

Health: -3/31      AC:  7    Str: 17    XL:     3   Next: 17%
Magic:  3/3        EV:  9    Int:  9    God:    Okawaru [......]
Gold:   0          SH:  5    Dex: 12    Spells: 2/2 levels left

rFire   . . .      SeeInvis .   a - +0 war axe
rCold   . . .      Faith    .   c - +0 buckler
rNeg    . . .      Spirit   .   b - +0 scale mail
rPois   .          Reflect  .   (no helmet)
rElec   .          Harm     .   (no cloak)
rCorr   .          Rampage  .   (no gloves)
Will    .....      NoTele   +   (no boots)
Stlth   ..........              (no amulet)
HPRegen 0.10/turn               (no ring)
MPRegen 0.08/turn               (no ring)

@: on berserk cooldown, slowed, very slow
A: powered by death 1
a: Renounce Religion


You were in the Dungeon.
You worshipped Okawaru.
Okawaru was noncommittal.
You visited 1 branch

Inventory:

Hand Weapons
 a - a +0 war axe (weapon)
Armour
 b - a +0 scale mail (worn)
 c - a +0 buckler (worn)
Scrolls
 j - a scroll of blinking
Potions
 d - a potion of might
 e - a potion of curing
 g - a potion of haste
 h - 2 potions of magic


   Skills:
 + Level 4.3 Fighting
 + Level 3.3 Axes
 + Level 3.9 Armour
 + Level 3.9 Shields


You had 2 spell levels left.
You didn't know any spells.
Your spell library was empty.

Dungeon Overview and Level Annotations

Branches:
Dungeon (1/1)

Altars:
Ashenzari
Cheibriados
Dithmenos
Elyvilon
Fedhas
Gozag
Hepliaklqana
Kikubaaqudgha
Makhleb
Nemelex Xobeh
Okawaru
Qazlal
Ru
Sif Muna
Trog
Uskayaw
Vehumet
Wu Jian
Xom
Yredelemnul
Zin
The Shining One
Beogh
Jiyva
Lugonu

Annotations:
D Menkaure


Innate Abilities, Weirdness & Mutations

You regenerate a little health from kills.


Message History

The jackal is lightly wounded.
The jackal bites you.
You take 1 damage, and have 44/46 hp.
You closely miss the jackal.
The jackal is lightly wounded.
The jackal bites you.
You take 2 damage, and have 42/46 hp.
You miss the jackal.
The jackal is lightly wounded.
The jackal closely misses you.
The jackal bites you but does no damage.
You closely miss the jackal.
The jackal is lightly wounded.
The jackal barely misses you.
Menkaure mumbles, "Let me perform the rites..."
You closely miss the jackal.
The jackal is lightly wounded.
You are no longer berserk.
You are exhausted.
You feel yourself slow down. The jackal barely misses you.
You now have 28/31 hp.
You barely miss the jackal.
The jackal is lightly wounded.
The jackal bites you but does no damage. x2
The jackal closely misses you.
You slash the jackal!
You kill the jackal!
Okawaru accepts your kill. Menkaure hits you! Menkaure barely misses you.
You take 10 damage, and have 19/31 hp.
MASSIVE DAMAGE!!
You closely miss Menkaure. Menkaure hits you!
* * * LOW HITPOINT WARNING * * *
You block Menkaure's attack.
You take 10 damage, and have 9/31 hp.
MASSIVE DAMAGE!!
You slash Menkaure!
Menkaure is heavily damaged.
Menkaure barely misses you. Menkaure hits you but does no damage.
Menkaure casts a spell at you. Pain shoots through your body!
You die...

############
#_________.#
#_________.#
#_______...###########++
##########'##...........
+)@M'.##......#..#.
##########.##...........
#.......S...'...........
#+#####h#####......#..#.
#..#รท)# #...........
#..h..# ####'#####++
#.M#### #.......#
#..#..# #.......#
#..#rM# #.......#


You could see Menkaure (fast).

Vanquished Creatures
  3 adders (D)
  An orc (D)
  A giant cockroach (D)
  4 jackals (D)
  2 quokkas (D)
  A rat (D)
12 creatures vanquished.

Notes
Turn   | Place    | Note
-------+----------+-------------------------------------------
     0 | D        | tatocazan the Demonspawn Fighter began the quest for the
                  | Orb.
     0 | D        | Reached XP level 1. HP: 18/18 MP: 1/1
    25 | D        | Gained mutation: You regenerate a little health from kills.
                  | [demonic ancestry]
    25 | D        | Reached XP level 2. HP: 14/24 MP: 2/2
   199 | D        | Found a bloodstained altar of Trog.
   199 | D        | Found a shimmering blue altar of Sif Muna.
   199 | D        | Found a viscous altar of Jiyva.
   199 | D        | Found a hazy altar of Hepliaklqana.
   199 | D        | Found an opulent altar of Gozag.
   200 | D        | Found a basalt altar of Yredelemnul.
   200 | D        | Found a shimmering altar of Xom.
   200 | D        | Found an ornate altar of the Wu Jian Council.
   200 | D        | Found a sacrificial altar of Ru.
   200 | D        | Found a stormy altar of Qazlal.
   200 | D        | Found an iron altar of Okawaru.
   200 | D        | Found a sparkling altar of Nemelex Xobeh.
   200 | D        | Found a burning altar of Makhleb.
   200 | D        | Found a blossoming altar of Fedhas.
   200 | D        | Found a shadowy altar of Dithmenos.
   200 | D        | Found a snail-covered altar of Cheibriados.
   201 | D        | Found a radiant altar of Vehumet.
   201 | D        | Found a corrupted altar of Lugonu.
   202 | D        | Found an ancient bone altar of Kikubaaqudgha.
   202 | D        | Found a hide-covered altar of Uskayaw.
   202 | D        | Found a broken altar of Ashenzari.
   206 | D        | Became a worshipper of Warmaster Okawaru
   246 | D        | Reached skill level 4 in Fighting
   452 | D        | Noticed Menkaure
   477 | D        | Reached XP level 3. HP: 26/30 MP: 3/3
   495 | D        | Killed from afar by Menkaure

Illustrated notes

Levels and vault maps discovered:
D:        pitsprint [storerooms_1, entrance_room_1, metal_vault_3, armoury_2,
          mini_pit_1, grid_room_1, main_hall_1, silver_pit, the_coven_1,
          the_vestibule_1, steel_vault_4, golden_pit, hallway_of_sentries,
          crystal_vault_6, iron_vault_5, final_vault]

Skill      XL: |  1  2 |
---------------+-------+-----
Axes           | 2 3 |  3.3
Armour         | 3 |  3.9
Shields        | 3 |  3.9
Fighting       | 4 |  4.3

Action                   || total
-------------------------++-------
Melee: War axe           ||    59
  Use: Potion            ||     2
Armor: Scale mail        ||    33
Dodge: Dodged            ||    35
Block: Buckler           ||    16

Table legend: (Time is in decaauts)
 A = Elapsed time spent in this place.
 B = Non-inter-level travel time spent in this place.
 C = Inter-level travel time spent in this place.
 D = Time resting spent in this place.
 E = Time spent auto-exploring this place.
 F = Levels seen in this place.
 G = Mean time per level.
                   A        B        C        D        E       F      G
               +--------+--------+--------+--------+--------+-----+--------+
         Total |    513 |    513 |      0 |    372 |      0 |   1 |  513.0 |
       Dungeon |    513 |    513 |      0 |    372 |      0 |   1 |  513.0 |
               +--------+--------+--------+--------+--------+-----+--------+

Top non-repeatable levels by time:
       D: 513 daAuts
